 Dungeon Crawl Stone Soup version 0.28-a0-706-gf6f64a616a (webtiles) character file.

Game seed: 13929133964046838512

191 KoroneIsBestGirl the Poker (level 5, -4/28 HPs)
             Began as a Vine Stalker Fighter on Oct 24, 2021.
             Killed by divine providence
             ... invoked by an orc priest
              (12 damage)
             ... on level 3 of the Dungeon.
             The game lasted 00:02:33 (2487 turns).

KoroneIsBestGirl the Poker (Vine Stalker Fighter)   Turns: 2487, Time: 00:02:33

Health: -4/28      AC:  6    Str: 20    XL:     5   Next: 70%
Magic:  0/6        EV:  9    Int:  8    God:
Gold:   125        SH:  4    Dex: 13    Spells: 4/4 levels left

rFire   . . .      SeeInvis .   a - +0 trident
rCold   . . .      Faith    .   c - +0 buckler
rNeg    . . .      Spirit   +   b - +0 scale mail
rPois   .          Reflect  .   (no helmet)
rElec   .          Harm     .   (no cloak)
rCorr   .          Rampage  .   (no gloves)
Will    .....                   (no boots)
Stlth   ..........              l - amulet of magic regeneration
HPRegen 1.09/turn               (no ring)
MPRegen 0.35/turn               (no ring)

@: no status effects
A: fangs 2, regeneration 1, magic shield, antimagic bite, no potion heal 2
a: no special abilities


You were on level 3 of the Dungeon.
You visited 1 branch of the dungeon, and saw 3 of its levels.

You collected 125 gold pieces.

Inventory:

Hand Weapons
 a - a +0 trident (weapon)
Missiles
 j - 94 stones (quivered)
Armour
 b - a +0 scale mail (worn)
 c - a +0 buckler (worn)
Magical Staves
 i - a staff of fire
 k - a staff of earth
 m - a staff of cold
Jewellery
 l - an amulet of magic regeneration (around neck)
Scrolls
 e - 2 scrolls of amnesia {unknown}
 f - a scroll of vulnerability {unknown}
 h - a scroll of blinking {unknown}
 n - a scroll of enchant armour {unknown}
 o - 2 scrolls of identify {unknown}
 p - a scroll of fear {unknown}
Potions
 d - 2 potions of might
 g - a potion of berserk rage {unknown}


   Skills:
 + Level 3.4 Fighting
 + Level 3.7 Polearms
 + Level 3.1 Armour
 + Level 0.1 Dodging
 + Level 0.5 Stealth
 + Level 3.1 Shields


You had 4 spell levels left.
You didn't know any spells.
Your spell library was empty.

Dungeon Overview and Level Annotations

Branches:
Dungeon (3/15)

Altars:
Cheibriados
Fedhas
Kikubaaqudgha


Innate Abilities, Weirdness & Mutations

You have extremely sharp teeth.
Your natural rate of healing is unusually fast.
When hurt, damage is shared between your health and your magic reserves.
Your bite disrupts and absorbs the magic of your enemies.
Potions cannot restore your health.


Message History

An orc priest comes into view. It is wielding a +0 club.
An orc priest comes into view. It is wielding a +0 dagger.
The orc shouts!
The orc priest shouts!
You hit the hobgoblin. You bite the hobgoblin. You drain its power.
The hobgoblin is almost dead.
The hobgoblin barely misses you.
You hit the hobgoblin but do no damage. Your bite misses the hobgoblin.
The hobgoblin is severely wounded.
An orc comes into view. It is wielding a +0 club.
The hobgoblin barely misses you. The hobgoblin closely misses you.
The orc moves out of view.
You barely miss the hobgoblin. Your bite misses the hobgoblin.
The hobgoblin is severely wounded.
The orc priest looks braver for a moment.
You block the hobgoblin's attack.
The orc shouts!
You hit the hobgoblin but do no damage. You bite the hobgoblin.
You kill the hobgoblin!
The orc closely misses you.
You barely miss the orc. You bite the orc. You drain its power.
The orc is lightly wounded.
The orc closely misses you.
The orc hits you from afar with a +0 trident.
The orc priest calls down the wrath of Beogh upon you.
Beogh smites you!
The goblin shouts!
You hit the orc.
You kill the orc!
The orc closely misses you.
The orc hits you from afar with a +0 trident.
The orc priest mumbles some strange prayers to Beogh against you.
Beogh smites you!
* * * LOW HITPOINT WARNING * * *
The orc wizard gestures wildly while chanting.
The orc wizard flickers and vanishes!
Deactivating autopickup; reactivate with Ctrl-A.
The orc priest miscasts a cantrip.
The orc priest calls down the wrath of Beogh upon you.
Beogh smites you!
You die...

### #.. ###.#
##########...# ###
#.(........### ..
#.########....
#####.####.########.###
#.....>...............#
###.@###.########.#.#
#.....)..######......
#...o........######..
#..oo##..###.# #....
#.o.o##..# #.##.
.....o..##.... #..).
..g.....##.##.# #..##
............ ...
....... ..<....###.#
#.#.###.##


You could see 2 orc priests, 4 orcs and a goblin.

Vanquished Creatures
  An orc priest (D:3)
  Jessica (D:2)
  An orc wizard (D:3)
  4 adders (D:2)
  2 worms
  A dart slug (D:2)
  2 orcs (D:3)
  5 endoplasms
  A giant cockroach (D:2)
  10 goblins
  6 hobgoblins
  5 jackals
  2 quokkas
  7 ball pythons
  6 bats
  7 frilled lizards (D:1)
  2 kobolds
  4 rats
67 creatures vanquished.

Notes
Turn   | Place    | Note
-------+----------+-------------------------------------------
     0 | D:1      | KoroneIsBestGirl the Vine Stalker Fighter began the quest
                  | for the Orb.
     0 | D:1      | Reached XP level 1. HP: 11/11 MP: 2/2
    96 | D:1      | Reached XP level 2. HP: 16/16 MP: 3/3
   539 | D:1      | Reached XP level 3. HP: 18/20 MP: 4/4
   642 | D:1      | Found a faded altar of an unknown god.
  1617 | D:2      | Noticed Jessica
  1622 | D:2      | Killed Jessica
  1623 | D:2      | Gained mutation: Your natural rate of healing is unusually
                  | fast. [Vine Stalker growth]
  1623 | D:2      | Reached XP level 4. HP: 12/24 MP: 1/5
  1730 | D:2      | Found an ancient bone altar of Kikubaaqudgha.
  1970 | D:2      | Reached XP level 5. HP: 28/28 MP: 6/6
  2348 | D:3      | Found a snail-covered altar of Cheibriados.
  2377 | D:3      | Found a blossoming altar of Fedhas.
  2487 | D:3      | Killed from afar by an orc priest

Illustrated notes

Levels and vault maps discovered:
D:1:      co_arrival_random_square_maze, layout_loops_ring,
          hellmonk_ecumenical_altar_leap_of_faith,
          minmay_misc_feat_four_crosses, bh_walls_and_bars
D:2:      layout_basic, basic_altar, uniq_jessica
D:3:      layout_basic, fedhas_altar_2, slow_altar_1, vehumet_altar_wand_db,
          mainiacjoe_overflow_alcove_1, kennysheep_generic_room_8

Skill      XL: |  1  2  3  4 |
---------------+-------------+-----
Fighting       | 3 |  3.4
Shields        | 3 |  3.1
Polearms       | 2 3 |  3.7
Armour         | 3 |  3.1
Dodging        | |  0.1
Stealth        | |  0.5

Action                   |  1- 3 |  4- 6 || total
-------------------------+-------+-------++-------
Melee: Trident           |   119 |    74 ||   193
       Bite              |    28 |    16 ||    44
Armor: Scale mail        |    40 |    14 ||    54
Dodge: Dodged            |    37 |    22 ||    59
Block: Buckler           |    19 |    13 ||    32

Table legend: (Time is in decaauts)
 A = Elapsed time spent in this place.
 B = Non-inter-level travel time spent in this place.
 C = Inter-level travel time spent in this place.
 D = Time resting spent in this place.
 E = Time spent auto-exploring this place.
 F = Levels seen in this place.
 G = Mean time per level.
                   A        B        C        D        E       F      G
               +--------+--------+--------+--------+--------+-----+--------+
         Total |   2525 |   2495 |     30 |      0 |   2080 |   3 |  841.7 |
       Dungeon |   2525 |   2495 |     30 |      0 |   2080 |   3 |  841.7 |
               +--------+--------+--------+--------+--------+-----+--------+

Top non-repeatable levels by time:
     D:1: 1430 daAuts
     D:2: 933 daAuts
     D:3: 161 daAuts
